Cogmind - Beta 15 @@@ ROGUE MODE // 2025.08.08 @ 22:22:31 Player: H3-RMN Result: Destroyed by E4-70P(R) with Subdweller Machine Gun Performance ------------- Evolutions (0) 0 Regions Visited (3) 600 Robots Destroyed (22) 110 Value Destroyed (462) 462 Prototype IDs (4) 80 Alien Tech Used (0) 0 Bonus (0) 0 TOTAL SCORE: 1252 Bonus ------- None Cogmind --------- Core Integrity 0/250 Matter 229/300 Energy 248/250 System Corruption 0% Temperature Cool (0) Movement Treading (320) Ox2 Location -10/Subcaves Parts ------- > --- POWER (1) -------- Ion Engine > --- PROPULSION (2) --- Light Treads Wheel > --- UTILITY (2) ------ High-capacity Storage Unit Improved Light Armor Plating > --- WEAPON (2) ------- Improved Assault Rifle Improved Assault Rifle > --- INVENTORY (20) --- Ion Engine Light Treads Wheel Combat Airjet VTOL Module VTOL Module VTOL Module VTOL Module Cooling System Large Storage Unit Huge Storage Unit High-capacity Matter Pod (200) High-capacity Matter Pod (200) High-capacity Matter Pod (20) Assault Rifle Assault Rifle Assault Rifle Assault Rifle Mining Laser Peak State ------------ > --- POWER ------------ Ion Engine > --- PROPULSION ------- Light Treads Wheel > --- UTILITY ---------- High-capacity Storage Unit Improved Light Armor Plating > --- WEAPON ----------- Improved Assault Rifle Improved Assault Rifle > --- INVENTORY -------- Ion Engine Light Treads Wheel Combat Airjet VTOL Module VTOL Module VTOL Module VTOL Module Cooling System Large Storage Unit Huge Storage Unit High-capacity Matter Pod High-capacity Matter Pod High-capacity Matter Pod Assault Rifle Assault Rifle Assault Rifle Assault Rifle Mining Laser [Rating: 15] Favorites ----------- Power Ion Engine Engine Ion Engine Propulsion Wheel Treads Light Treads Wheel Wheel Utility Seismic Detector Device Seismic Detector Storage High-capacity Storage Unit Protection Improved Light Armor Plating Weapon Improved Assault Rifle Energy Gun EM Pulse Gun Ballistic Gun Improved Assault Rifle Build | -11 -10 -10 -10 ------- Run | Yrd Mat Min Sub Slots Evolved . | . . . . Power . | . . . . Propulsion . | . . . . Utility . | . . . . Weapon . | . . . . Parts Attached 15 | 7 6 1 1 Power 2 | 1 . 1 . Engine 2 | 1 . 1 . Core . | . . . . Reactor . | . . . . Propulsion 3 | 2 1 . . Treads 1 | . 1 . . Leg . | . . . . Wheel 2 | 2 . . . Hover . | . . . . Flight . | . . . . Utility 5 | 2 2 . 1 Device 1 | 1 . . . Storage 3 | 1 2 . . Processor . | . . . . Hackware . | . . . . Protection 1 | . . . 1 Artifact . | . . . . Weapon 5 | 2 3 . . Energy Gun 1 | 1 . . . Energy Cannon . | . . . . Ballistic Gun 4 | 1 3 . . Ballistic Cannon . | . . . . Launcher . | . . . . Special Weapon . | . . . . Impact Weapon . | . . . . Slashing Weapon . | . . . . Piercing Weapon . | . . . . Special Melee Weapon . | . . . . Unidentified Prototypes 1 | . 1 . . Parts Lost 2 | . 1 . 1 Power . | . . . . Propulsion 1 | . 1 . . Utility 1 | . . . 1 Weapon . | . . . . Highest Loss Streak 1 | . 1 . 1 To Critical Strikes . | . . . . Average Backups 13 | 2 12 17 19 Power . | . . . 1 Propulsion 6 | 1 6 6 7 Utility 3 | . 2 5 6 Weapon 3 | . 3 4 5 Tool/Special . | . . . . Unused Backups 18 | . 2 . 16 Power 1 | . 1 . . Propulsion 7 | . . . 7 Utility 5 | . . . 5 Weapon 5 | . 1 . 4 Tool/Special . | . . . . Average Slot Usage (%) 99 | . 99 100 100 Engine 14 | . 14 14 14 Treads 6 | . 1 14 14 Wheel 21 | . 25 14 14 Device 13 | . 14 14 4 Storage 14 | . 14 14 14 Energy Gun 4 | . 7 . . Ballistic Gun 23 | . 20 28 28 Peak Build Rating 15 | 7 13 14 15 Average Rating 10 | 5 10 13 14 On Entrance 8 | . 7 13 14 Naked Turns . | . . . . Heaviest Build 54 | 15 52 52 54 Greatest Support 20 | 20 20 10 10 Greatest Overweight (x) 5 | . 5 5 5 Average Overweight (x) 2 | . 1 5 5 Largest Inventory Capacity 20 | 8 20 20 20 Average Capacity 16 | 7 15 20 20 Most Carried 20 | 6 16 20 20 Average Carried 13 | 2 12 17 19 Final Capacity 20 | 8 20 20 20 Final Carried 20 | 6 15 20 19 Class Distribution -------------------- 100% | Mutant Dominant Class ---------------- Mutant | -10/Materials Mutant | -10/Mines Mutant | -10/Subcaves Resources | -11 -10 -10 -10 ----------- Run | Yrd Mat Min Sub Matter Collected 926 | 282 386 258 . Remotely . | . . . . Salvage Created 673 | 97 417 118 41 Parts 48 | 5 36 7 . Haulers Intercepted 1 | . 1 . . Recyclers Shooed . | . . . . Parts Field Recycled . | . . . . Retrieved Matter . | . . . . Parts Self-Destructed . | . . . . Prevented . | . . . . Kills | -11 -10 -10 -10 ------- Run | Yrd Mat Min Sub Combat Hostiles Destroyed 14 | . 10 3 1 Guns 10 | . 6 3 1 AOE 4 | . 4 . . Classes Destroyed 10 | 2 6 1 1 Worker 1 | . 1 . . Builder 1 | . 1 . . Tunneler 1 | 1 . . . Hauler 1 | . 1 . . Recycler 2 | 1 1 . . Watcher 2 | . 2 . . Swarmer 6 | . 6 . . Grunt 6 | . 4 2 . Demolisher 1 | . . 1 . Subdweller 1 | . . . 1 Best Kill Streak 10 | 1 10 2 1 Combat Bots Only 7 | . 7 2 1 Max Kills in Single Turn 4 | 1 4 1 1 Gunslinging . | . . . . Exploded 2 | . 2 . . Melee . | . . . . Uniques/NPCs Destroyed . | . . . . Combat | -11 -10 -10 -10 -------- Run | Yrd Mat Min Sub Hostile Shots Fired 65 | . 29 10 26 Missed 19 | . 8 3 8 Hits 46 | . 21 7 18 Projectile 46 | . 21 7 18 AOE 3 | . . 3 . Critical Strikes 1 | . 1 . . Part Disruptions 1 | . 1 . . Damage Taken 835 | 22 242 185 386 Core 257 | . 52 65 140 Absorbed by Shields . | . . . . Core Remaining (%) 100 | 100 . . . Volleys Fired 45 | 4 24 6 11 Largest 2 | 2 2 2 2 Hottest 60 | 60 60 46 46 Shots Fired 88 | 8 46 12 22 Gun 88 | 8 46 12 22 Cannon . | . . . . Launcher . | . . . . Special . | . . . . Kinetic 79 | 4 41 12 22 Thermal . | . . . . Explosive . | . . . . Electromagnetic 9 | 4 5 . . Robot Hit Streak 17 | 4 7 4 17 Robot Miss Streak 2 | 2 2 1 1 Penetration Max . | . . . . Secondary Targets 4 | . 3 . 1 Max Gunslinging Chain 1 | . 1 . 1 Shots Hit Robots 66 | 4 33 8 21 Core Hits 36 | 2 25 6 3 Critical Kills . | . . . . Critical Parts Destroyed . | . . . . Critical Strikes . | . . . . Melee Attacks . | . . . . Impact . | . . . . Slashing . | . . . . Piercing . | . . . . Sneak Attacks . | . . . . Combat Hostiles . | . . . . Follow-up Attacks . | . . . . Damage Inflicted 1362 | 94 850 126 292 Guns 951 | 61 472 126 292 Cannons . | . . . . Explosions 411 | 33 378 . . Melee . | . . . . Ramming . | . . . . Kinetic 860 | 34 408 126 292 Thermal 33 | 33 . . . Explosive 235 | . 235 . . Electromagnetic 234 | 27 207 . . Impact . | . . . . Slashing . | . . . . Piercing . | . . . . Highest Corruption . | . . . . Average Corruption . | . . . . Corruption Purged . | . . . . Corruption Blocked . | . . . . Overload Shots . | . . . . Overflow Damage . | . . . . Projectiles . | . . . . Explosions . | . . . . Melee . | . . . . Knockbacks . | . . . . Impact . | . . . . Kinetic . | . . . . Secondary . | . . . . Self-Inflicted Damage 52 | 23 29 . . Shots 2 | 1 1 . . Rammed . | . . . . Targets Rammed . | . . . . Kicked . | . . . . Crushed . | . . . . Highest Temperature 14 | 12 5 14 . Average Temperature 6 | 12 3 7 . Received Heat Transfer 99 | . 66 33 . Siege Activations . | . . . . Martial Activations . | . . . . Shielding Activations . | . . . . Robots Disrupted 1 | . 1 . . Combat Hostiles 1 | . 1 . . Robots Corrupted . | . . . . Combat Hostiles . | . . . . Parts Fried . | . . . . Impact Corruptions . | . . . . Robots Melted . | . . . . Combat Hostiles . | . . . . Parts Melted . | . . . . Heat Transferred 50 | 50 . . . Parts Sabotaged . | . . . . Parts Stolen . | . . . . Parts Stripped . | . . . . Power Chain Reactions 3 | 1 2 . . Alert | -11 -10 -10 -10 ------- Run | Yrd Mat Min Sub Maximum Alert Level 1 | . 1 . . Low Security (%) 94 | 100 91 100 . Level 1 5 | . 8 . . Level 2 . | . . . . Level 3 . | . . . . Level 4 . | . . . . Level 5 . | . . . . High Security . | . . . . Max Security . | . . . . Peak Influence 249 | 5 249 140 . Initial 90 | . . 90 . Average 56 | . 43 104 . Influence Increases 459 | 10 369 80 . Destroy 0b10 Robot/C 260 | . 200 60 . Destroy 0b10 Robot/NC 40 | 10 30 . . Destroy Leader 56 | . 36 20 . Successful Hack 35 | . 35 . . Disable Machine 30 | . 30 . . Destroy Structure 8 | . 8 . . Lose Combat Pursuer 30 | . 30 . . Influence Decreases 459 | 10 136 253 60 Entered New Map 175 | . . 143 32 Time Decay 264 | 10 126 110 18 Lost Part 20 | . 10 . 10 Squads Dispatched 1 | . 1 . . Investigation 1 | . 1 . . Extermination . | . . . . Reinforcement . | . . . . Assault . | . . . . Garrison . | . . . . Intercept . | . . . . Searches Triggered . | . . . . Construction Impeded . | . . . . Haulers Reinforced . | . . . . Active Scanning Responses . | . . . . Cargo Convoy Interrupts . | . . . . Stealth | -11 -10 -10 -10 --------- Run | Yrd Mat Min Sub Distress Signals 4 | . 4 . . Communications Jammed . | . . . . Distress Signals . | . . . . Times Spotted 20 | . 14 4 2 Peak Tracking Total 7 | . 7 2 2 Tactical Retreats 2 | . 2 . . Traps | -11 -10 -10 -10 ------- Run | Yrd Mat Min Sub Traps Triggered 1 | . 1 . . Indirectly . | . . . . Trap Hack Attempts . | . . . . Triggered . | . . . . Disarmed . | . . . . Reprogrammed . | . . . . Reused . | . . . . Traps Extracted . | . . . . Installed . | . . . . Triggered . | . . . . Machines | -11 -10 -10 -10 ---------- Run | Yrd Mat Min Sub Machines Disabled 2 | . 2 . . Max in Single Turn 1 | . 1 . . Machines Repaired . | . . . . Machines Dismantled . | . . . . Machines Sabotaged . | . . . . Overloaded Fab Kills . | . . . . Hacking | -11 -10 -10 -10 --------- Run | Yrd Mat Min Sub Machines Accessed 5 | . 5 . . Terminals 5 | . 5 . . Fabricators . | . . . . Repair Stations . | . . . . Recycling Units . | . . . . Scanalyzers . | . . . . Garrison Access . | . . . . Total Hacks 19 | . 19 . . Successful 6 | . 6 . . Failed 13 | . 13 . . Catastrophic 4 | . 4 . . Database Lockouts . | . . . . Manual 7 | . 7 . . Terminals 19 | . 19 . . Fabricators . | . . . . Repair Stations . | . . . . Recycling Units . | . . . . Scanalyzers . | . . . . Garrison Access . | . . . . Terminal Hacks 6 | . 6 . . Robot Analysis 1 | . 1 . . Prototype ID Bank 2 | . 2 . . Terminal Index 1 | . 1 . . Locate Traps 1 | . 1 . . Zone Layout 1 | . 1 . . Fabricator Hacks . | . . . . Repair Station Hacks . | . . . . Recycling Unit Hacks . | . . . . Scanalyzer . | . . . . Garrison Access Hacks . | . . . . Unauthorized Hacks . | . . . . Terminals . | . . . . Fabricators . | . . . . Repair Stations . | . . . . Recycling Units . | . . . . Scanalyzers . | . . . . Garrison Access . | . . . . Data Cores Recovered . | . . . . Used . | . . . . Hacking Detections 5 | . 5 . . Full Trace Events 2 | . 2 . . Feedback Events . | . . . . Feedback Blocked . | . . . . Robot Schematics Acquired . | . . . . Robots Built . | . . . . Authchips . | . . . . Time . | . . . . Total Robot Build Rating . | . . . . Part Schematics Acquired . | . . . . Parts Built . | . . . . Authchips . | . . . . Time . | . . . . Total Part Build Rating . | . . . . Parts Repaired . | . . . . Time . | . . . . Parts Recycled . | . . . . Recycled Matter . | . . . . Retrieved Matter . | . . . . Retrieved Components . | . . . . Parts Scanalyzed . | . . . . Part Schematics Acquired . | . . . . Parts Damaged . | . . . . Bothacking | -11 -10 -10 -10 ------------ Run | Yrd Mat Min Sub Used RIF Installer . | . . . . Robots Hacked . | . . . . Non-combat . | . . . . Combat . | . . . . Robot Hacks Applied . | . . . . Relay Couplers Released . | . . . . Fabnet Peak Effective % . | . . . . Robots Rewired . | . . . . Allies Hacked . | . . . . Hacks Repelled . | . . . . Allies | -11 -10 -10 -10 -------- Run | Yrd Mat Min Sub Total Allies . | . . . . Largest Group . | . . . . Highest-Rated Group . | . . . . Highest-Rated Ally . | . . . . Total Orders . | . . . . Ally Attacks . | . . . . Total Damage . | . . . . Kills . | . . . . Allies Corrupted . | . . . . Allies Melted . | . . . . Intel | -11 -10 -10 -10 ------- Run | Yrd Mat Min Sub Active Infowar (turns) 756 | 9 510 227 10 Seismic 756 | 9 510 227 10 Robot Analysis Total 1 | . 1 . . Derelict Logs Recovered . | . . . . Drone Launches . | . . . . Drone Recoveries . | . . . . Exploration | -11 -10 -10 -10 ------------- Run | Yrd Mat Min Sub Turns Passed 865 | 77 510 227 51 Spaces Moved 484 | 57 316 103 8 Core 2 | 2 . . . Treads . | . . . . Legs . | . . . . Wheels 482 | 55 316 103 8 Hover . | . . . . Flight . | . . . . Fastest Speed 50 | 50 80 155 155 Average Speed 111 | 78 101 155 155 Slowest Speed 155 | 80 155 155 155 Overloaded Moves . | . . . . Propulsion Burnouts . | . . . . Robots Hopped . | . . . . Potential Cave-ins . | . . . . Cave-ins Triggered . | . . . . Exploration Rate (%) 25 | 4 68 29 1 Regions Visited 3 Branch Regions 2 Pre-discovered Areas . | . . . . Known Exits Taken . | . . . . Unknown Exits Taken 3 | 1 1 1 . Scrap Searched 1 | . . 1 . Spaces Dug . | . . . . Terrain Destroyed 8 | . 8 . . Melee . | . . . . Projectile . | . . . . AOE 8 | . 8 . . Terrain Rammed . | . . . . Walls Destroyed . | . . . . Machines Disabled . | . . . . Actions | -11 -10 -10 -10 --------- Run | Yrd Mat Min Sub Total 723 | 77 461 158 27 Wait 154 | 3 99 45 7 Move 481 | 56 315 102 8 Hop . | . . . . Pick Up 22 | 7 11 4 . Fast Attach 8 | 6 2 . . Attach 3 | 1 1 . 1 Detach . | . . . . Swap 4 | . 3 1 . Drop 6 | . 6 . . Fire 45 | 4 24 6 11 Melee . | . . . . Ram . | . . . . Kick . | . . . . Crush . | . . . . Escape Stasis . | . . . . Rewire . | . . . . Trap . | . . . . Miscellaneous . | . . . . Route ------- -11/Scrapyard -10/Materials (discovered 2 exits: [*Mat] / [*Min]) -10/Mines -10/Subcaves History --------- Turn | Location | Event 12 | -11/Scrapyard | Discovered new exit (range 14) 78 | -11/Scrapyard | Entered Materials 306 | -10/Materials | Build established: Mutant 337 | -10/Materials | Discovered new exit (range 14) 565 | -10/Materials | Destroyed 7 combat bots 569 | -10/Materials | Discovered new exit (range 11) 588 | -10/Materials | Entered Mines 589 | -10/Mines | Assembled infested the area 798 | -10/Mines | Discovered new exit (range 5) 815 | -10/Mines | Entered Subcaves 816 | -10/Subcaves | Ambushed by Subdwellers from Twisted Machinery 816 | -10/Subcaves | Approached by a straggling Scientist 822 | -10/Subcaves | Core integrity fell below 50% 843 | -10/Subcaves | Core integrity fell below 20% 866 | -10/Subcaves | Destroyed by E4-70P(R) with Subdweller Machine Gun Last Messages --------------- 00716_ Acquired 39 matter. 00718_ Acquired Assault Rifle. 00722_ Acquired Huge Storage Unit. 00767_ T-07 Excavator is excavating. 00798_ EXIT=FOUND 00802_ T-07 Excavator is excavating. LOCATION=UNKNOWN AMBIENT_HEAT=-10 GOAL=ESCAPE 00816_ E4-70P(R) emerges from the Twisted Machinery. 00816_ 13-FLX(c): "Thank the algorithms! I was beginning to lose hope I'd never make it past all the Subs lurking out here." 00819_ 13-FLX(c): "Hey, let me tag along and I can get us both out of this nasty situation. At least I think I can... The group I got separated from was talking about a shortcut back to the UFD." 00825_ Seismic Detector destroyed. 00831_ 13-FLX(c) destroyed. 00850_ MI-C6E(R) destroyed. 00850_ Switching to secondary target: E4-70P(R). 00858_ E4-70P(R) affixes Scrap Shield Fragment to Scrap Shield. Map ----- +----------------------------------------------------+ | ?????????????????????????????????????????????????? | | ?????????????????????????????????????????????????? | | ?????????????????????????????????????????????????? | | ?????????????????????????????????????????????????? | | ?????????????????????????????????????????????????? | | ?????????????????????????????????????????????????? | | ?????????????????????????????????????????????????? | | ?????????????????????????????????????????????????? | | ?????????????????????????????????????????????????? | | ?????????????????????????????????????????????????? | | ?????????????????????????????????????????????????? | | ?????????????????????????????????????????????????? | | ?????????????????????????????????????????????????? | | ??????????????????? ?????????????????????????????? | | ?????????????????? ?????????????????????????????? | | ????????????????## ?????????????????????????????? | | ????????????????# ?????????????????????????????? | | ???????????????? ?????????????????????????????? | | ????????????????# ?????????????????????????????? | | ?????????????#???"""##???????????????????????????? | | ?????????????# ??# " #???????????????????????????? | | ????????????## "?# " #???????????????????????????? | | ????????????# "## " ##??????????????????????????? | | ????????????# """"" =##????#????????????????????? | | ????????????# =%*#### ### #???????????????? | | ????????????# ! ##@ #???????????????? | | ????????????## R #???????????????? | | ?????????????# ### # # ### # #???????????????? | | ?????????????##???## ######?????????????????????? | | ???????????????????####??????????????????????????? | | ?????????????????????????????????????????????????? | | ?????????????????????????????????????????????????? | | ?????????????????????????????????????????????????? | | ?????????????????????????????????????????????????? | | ?????????????????????????????????????????????????? | | ?????????????????????????????????????????????????? | | ?????????????????????????????????????????????????? | | ?????????????????????????????????????????????????? | | ?????????????????????????????????????????????????? | | ?????????????????????????????????????????????????? | | ?????????????????????????????????????????????????? | | ?????????????????????????????????????????????????? | | ?????????????????????????????????????????????????? | | ?????????????????????????????????????????????????? | | ?????????????????????????????????????????????????? | | ?????????????????????????????????????????????????? | | ?????????????????????????????????????????????????? | | ?????????????????????????????????????????????????? | | ?????????????????????????????????????????????????? | | ?????????????????????????????????????????????????? | +----------------------------------------------------+ Best States ------------- Heat Dissipation 25 Energy Generation 10 Energy Capacity 250 Matter Stores 300 Matter Capacity 300 Sight Range 16 Terrain Scan Density 10 Armor Coverage 150 Evasion (%) 44 Recoil Reduction 1 Item Schematics ----------------- None Robot Schematics ------------------ None Fabricated ------------ Nothing Repaired ---------- Nothing Alien Tech Used ----------------- None Achievements -------------- None Challenges ------------ None Game ------ Seed ExplosiveEtherialShovel Manual? 1 Play Time 00:08:24 Cumulative 771.1 hours Start 2025.08.08 @ 22:13:39 End 2025.08.08 @ 22:22:31 Sessions 1 Manual Loads 0 Difficulty Rogue Special Mode None Game No. 295 Rogue 291 Adventurer 4 Explorer 0 Win Type - Total 12 Types 7/1/1/1/0/1/0/0/0/1 Lore% 94 Gallery% 89 Achievement% 87 Wizard Run 0 Options --------- Layout 0 ASCII 0 Keyboard 0 Movement Numpad Keybinds 0 Fullscreen 2 Font 18/CogNarrow Map View 76x50 Zoom Use 0% Tactical HUD 1 Map Filters NONE Filters NONE Steam 1 RUN: 5cf10c5a-4351-451f-bcf5-21e4aff1b259